 Dungeon Crawl Stone Soup version 0.19.0-2-gae57169 (webtiles) character file.

15026 LORDOFBUTT the Cleaver (level 11, -2/104 HPs)
             Began as a Minotaur Berserker on Nov 7, 2016.
             Was a High Priest of Trog.
             Killed by divine providence
             ... invoked by an orc priest
              (15 damage)
             ... on level 2 of the Orcish Mines.
             The game lasted 00:16:12 (9101 turns).

LORDOFBUTT the Cleaver (Minotaur Berserker)         Turns: 9101, Time: 00:16:13

Health: -2/104     AC: 13    Str: 28    XL:     11   Next: 96%
Magic:  8/8        EV: 18    Int:  2    God:    Trog [*****.]
Gold:   1721       SH:  0    Dex: 16    Spells: 0 memorised, 10 levels left

rFire  . . .     SeeInvis .     S - +2 broad axe (chop)
rCold  + . .     Gourm    .     N - +1 ring mail {MR+}
rNeg   . . .     Faith    .     (no shield)
rPois  .         Spirit   .     (helmet restricted)
rElec  .         Reflect  .     T - +0 cloak {+Inv}
rCorr  .         Harm     .     (no gloves)
MR     +....                    t - +2 pair of boots
Stlth  +.........               (no amulet)
                                G - +3 ring of dexterity
                                v - +4 ring of dexterity

@: lethally poisoned (-2 -> -5), exhausted, about to teleport, slowed, drained,
very slow
A: retaliatory headbutt, horns 2, cold resistance 1, dopey 1, low mp 1, strong 1
a: Berserk, Trog's Hand, Brothers in Arms, Burn Spellbooks, Renounce Religion,
Evoke Invisibility


You were on level 2 of the Orcish Mines.
You worshipped Trog.
Trog was extremely pleased with you.
You were hungry.

You visited 2 branches of the dungeon, and saw 13 of its levels.

You collected 1721 gold pieces.

Inventory:

Hand Weapons
 b - a +3 hand axe of electrocution
 S - a +2 broad axe of chopping (weapon)
Armour
 t - a +2 pair of boots (worn)
 N - a +1 ring mail of magic resistance (worn)
 R - a +0 cloak
 T - a +0 cloak of invisibility (worn)
Jewellery
 u - an uncursed ring of stealth
 v - a +4 ring of dexterity (left hand)
 G - a +3 ring of dexterity (right hand)
 L - an uncursed ring of resist corrosion
Wands
 a - a wand of paralysis (6/24)
 e - a wand of lightning (8/15)
 p - a wand of polymorph (9/24)
 z - a wand of flame (21/48)
 A - a wand of polymorph (15/24)
 H - a wand of acid (2/15)
 P - a wand of flame (25/48)
Scrolls
 h - 3 scrolls of teleportation
 j - a scroll of recharging {unknown}
 k - 4 scrolls of noise {unknown}
 o - a scroll of fear {unknown}
 q - 2 scrolls of blinking {unknown}
 r - 2 scrolls of remove curse
 w - a scroll of amnesia {unknown}
 y - 3 scrolls of magic mapping {unknown}
 F - 2 scrolls of holy word {unknown}
 I - a scroll of fog {unknown}
 K - 2 scrolls of silence {unknown}
 M - a scroll of summoning {unknown}
 O - 2 scrolls of identify
Potions
 d - 2 potions of brilliance
 g - 5 potions of lignification
 i - a potion of might
 m - a potion of cancellation
 s - 2 potions of agility
 x - 6 potions of ambrosia
 B - 4 potions of curing
 D - a potion of haste {unknown}
Books
 f - the Volume of Summoning
   (You found it on level 6 of the Dungeon)

   Spells                             Type                      Level
   a - Summon Small Mammal            Summoning                    1
   b - Call Canine Familiar           Summoning                    3
   c - Summon Hydra                   Summoning                    7
   d - Dragon's Call                  Summoning                    9
   Trog disapproves of the use of such an item.
 C - a book of Conjurations

   Spells                             Type                      Level
   a - Magic Dart                     Conjuration                  1
   b - Searing Ray                    Conjuration                  2
   c - Dazzling Spray                 Conjuration/Hexes            3
   d - Fulminant Prism                Conjuration/Hexes            4
   e - Iskenderun's Mystic Blast      Conjuration                  4
   f - Iskenderun's Battlesphere      Conjuration/Charms           5
   Trog disapproves of the use of such an item.
 E - a book of Flames

   Spells                             Type                      Level
   a - Flame Tongue                   Conjuration/Fire             1
   b - Throw Flame                    Conjuration/Fire             2
   c - Conjure Flame                  Conjuration/Fire             3
   d - Inner Flame                    Hexes/Fire                   3
   e - Sticky Flame                   Conjuration/Fire             4
   f - Fireball                       Conjuration/Fire             5
   Trog disapproves of the use of such an item.
 J - a book of Maledictions

   Spells                             Type                      Level
   a - Corona                         Hexes                        1
   b - Ensorcelled Hibernation        Hexes/Ice                    2
   c - Confuse                        Hexes                        3
   d - Tukima's Dance                 Hexes                        3
   e - Dazzling Spray                 Conjuration/Hexes            3
   Trog disapproves of the use of such an item.
 Q - a book of Power

   Spells                             Type                      Level
   a - Fulminant Prism                Conjuration/Hexes            4
   b - Iskenderun's Mystic Blast      Conjuration                  4
   c - Venom Bolt                     Conjuration/Poison           5
   d - Bolt of Magma                  Conjuration/Fire/Earth       5
   e - Iron Shot                      Conjuration/Earth            6
   f - Orb of Destruction             Conjuration                  7
   g - Spellforged Servitor           Conjuration/Summoning        7
   Trog disapproves of the use of such an item.
Comestibles
 c - 8 bread rations
 l - 17 royal jellies
 n - 2 meat rations


   Skills:
 + Level 12.2(11.9) Fighting
 + Level 12.5(12.1) Axes
 + Level 11.2(10.9) Armour
 + Level 10.7(10.3) Dodging
 - Level 0.1(0.0) Stealth


You had 10 spell levels left.
You didn't know any spells.

Dungeon Overview and Level Annotations

Branches:
Dungeon (11/15)            Temple (0/1) D:4            Lair (0/6) D:9
    Orc (2/2) D:9             Elf (0/3) Orc:2

Altars:
Gozag
Ru
Yredelemnul

Shops:
D:8 }   D:9 =


Innate Abilities, Weirdness & Mutations

You reflexively headbutt those who attack you in melee.
You have a pair of horns on your head.
Your flesh is cold resistant. (rC+)
You are dopey. (Int -2)
Your magical capacity is low. (-10% MP)
Your muscles are strong. (Str +2)


Message History

You kill the orc priest!
Trog accepts your kill. The orc priest hits you with a dagger.
* * * LOW HITPOINT WARNING * * *
You feel better.
The orc priest hits you but does no damage.
You are poisoned.
The hellwing hits you!
* * * LOW HITPOINT WARNING * * *
The hellwing hits you.
* * * LOW HITPOINT WARNING * * *
The orc priest mumbles some strange prayers to Beogh against you.
Beogh smites you!
* * * LOW HITPOINT WARNING * * *
The rust devil misses you.
You feel sick.
The orc high priest no longer looks unusually strong.
The orc priest mumbles some strange prayers to Beogh against you.
Beogh smites you!
You die...

.. #.. ## ##.... .. ...##
#........#.. # .....#
##........##.##.
......####...............
#.#.#.#.#................
...........#.............
......o.o................
.....o4o@................
.#.#4#.4................
##.......[.........
#.#....[<.[.......(
#......)[........<.
#.##............(.(
####...............
##................
#.................


You could see an orc high priest, a hellwing, a rust devil, a chaos spawn and 3
orc priests.

Vanquished Creatures
  An ettin (Orc:2)
  The ghost of kabalo the Fighter, a novice DsFi of Okawaru (D:10)
  The ghost of CompileTime the Magician, a novice DrCj of Vehumet (D:8)
  A hill giant (D:10)
  An orc sorcerer (Orc:1)
  3 orc knights
  A cyclops (Orc:2)
  Maurice (Orc:1)
  Joseph (D:7)
  A troll (Orc:1)
  A queen bee (D:10)
  A hornet (D:7)
  A two-headed ogre (D:10)
  A wyvern (D:6)
  6 yaks (D:9)
  A warg (Orc:1)
  14 orc warriors
  3 black bears (D:10)
  An ice beast (D:7)
  3 phantoms
  2 necrophages
  4 sky beasts
  8 ogres
  4 centaurs
  10 bullfrogs
  A scorpion (D:9)
  10 wights (D:9)
  32 killer bees
  5 crimson imps
  3 jellies
  2 bullfrog zombies
  19 orc priests
  2 centaur skeletons
  2 hounds (D:8)
  A bullfrog skeleton (D:8)
  Jessica (D:2)
  15 orc wizards
  2 worker ants
  15 adders
  4 gnolls (Orc:2)
  A river rat (D:9)
  3 shadow imps
  An ooze (D:1)
  2 adder zombies
  An adder skeleton (D:7)
  3 worms
  A dart slug (D:2)
  2 leopard geckos
  69 orcs
  4 giant cockroaches
  14 goblins
  7 hobgoblins
  3 jackals
  4 quokkas
  8 bats
  2 frilled lizards (D:1)
  A jackal skeleton (D:7)
  5 kobolds
  A quokka skeleton (D:5)
  9 rats
  10 fungi (D:9)
  4 plants (D:9)
341 creatures vanquished.

Vanquished Creatures (others)
  An orc wizard (Orc:1)
  An orc (D:8)
2 creatures vanquished.

Grand Total: 343 creatures vanquished

Notes
Turn   | Place    | Note
-------+----------+-------------------------------------------
     0 | D:1      | LORDOFBUTT the Minotaur Berserker began the quest for the Orb.
     0 | D:1      | Reached XP level 1. HP: 19/19 MP: 0/0
   365 | D:1      | Reached XP level 2. HP: 20/27 MP: 1/1
   853 | D:2      | Reached XP level 3. HP: 30/33 MP: 2/2
   917 | D:2      | Reached ** piety under Trog
   975 | D:2      | Noticed Jessica
   980 | D:2      | Killed Jessica
   980 | D:2      | Reached XP level 4. HP: 25/41 MP: 3/3
  1277 | D:3      | Noticed a bullfrog
  1286 | D:3      | Killed a bullfrog
  1286 | D:3      | Reached skill level 5 in Axes
  1298 | D:3      | Reached XP level 5. HP: 46/47 MP: 4/4
  1642 | D:3      | Reached skill level 5 in Fighting
  1657 | D:3      | Reached *** piety under Trog
  1701 | D:3      | Found a faded altar of an unknown god.
  1984 | D:4      | Found a staircase to the Ecumenical Temple.
  2194 | D:4      | Found a sacrificial altar of Ru.
  2194 | D:4      | Found an opulent altar of Gozag.
  2328 | D:4      | Reached XP level 6. HP: 52/56 MP: 5/5
  2817 | D:5      | Entered Level 5 of the Dungeon
  2846 | D:5      | You fall through a shaft for 2 floors!
  3023 | D:7      | Noticed a hornet
  3026 | D:7      | Reached XP level 7. HP: 62/62 MP: 6/6
  3027 | D:7      | Paralysed by a hornet for 2 turns
  3029 | D:7      | Killed a hornet
  3057 | D:7      | Reached skill level 5 in Armour
  3303 | D:7      | Found a basalt altar of Yredelemnul.
  3304 | D:7      | Noticed Joseph
  3318 | D:7      | Killed Joseph
  3318 | D:7      | Reached skill level 5 in Dodging
  3318 | D:7      | Reached XP level 8. HP: 60/73 MP: 7/7
  3801 | D:5      | Gained mutation: Your muscles are strong. (Str +2) [mutagenic meat]
  3802 | D:5      | Gained mutation: You are dopey. (Int -2) [mutagenic meat]
  4409 | D:6      | Reached **** piety under Trog
  4614 | D:6      | Identified the Volume of Summoning
  4792 | D:6      | Reached XP level 9. HP: 72/81 MP: 8/8
  5241 | D:8      | Noticed CompileTime's ghost (novice DrCj)
  5407 | D:8      | Killed CompileTime's ghost
  5457 | D:8      | Found Qoid's Gadget Shop.
  5854 | D:9      | Found a staircase to the Orcish Mines.
  5876 | D:9      | Reached XP level 10. HP: 91/91 MP: 9/9
  5916 | D:9      | Reached skill level 10 in Axes
  5919 | D:9      | Reached ***** piety under Trog
  5946 | D:9      | Found a staircase to the Lair.
  6100 | D:9      | Gained mutation: Your magical capacity is low. (-10% MP) [mutagenic meat]
  6101 | D:9      | Gained mutation: Your flesh is cold resistant. (rC+) [mutagenic meat]
  6175 | D:9      | Reached skill level 10 in Fighting
  6177 | D:9      | Found Gapixyno's Jewellery Boutique.
  6380 | D:10     | Entered Level 10 of the Dungeon
  6383 | D:10     | Received a gift from Trog
  6518 | D:10     | Noticed kabalo's ghost (novice DsFi)
  6533 | D:10     | Killed kabalo's ghost
  6811 | D:10     | Reached skill level 10 in Armour
  6822 | D:10     | Reached XP level 11. HP: 80/101 MP: 8/8
  7421 | D:10     | Noticed a hill giant
  7433 | D:10     | Killed a hill giant
  7894 | Orc:1    | Entered Level 1 of the Orcish Mines
  7894 | Orc:1    | Noticed an orc knight
  7902 | Orc:1    | Killed an orc knight
  8060 | Orc:2    | Entered Level 2 of the Orcish Mines
  8113 | Orc:1    | Noticed Maurice
  8121 | Orc:1    | Killed Maurice
  8308 | Orc:1    | Reached skill level 10 in Dodging
  8319 | Orc:1    | Received a gift from Trog
  8491 | Orc:1    | Noticed an orc sorcerer
  8501 | Orc:1    | Killed an orc sorcerer
  8821 | Orc:2    | Noticed an ettin
  8829 | Orc:2    | Killed an ettin
  8986 | Orc:2    | Found a staircase to the Elven Halls.
  9074 | Orc:2    | Noticed an orc knight
  9077 | Orc:2    | Noticed an orc knight
  9082 | Orc:2    | Noticed an orc high priest
  9089 | Orc:2    | Killed an orc knight
  9097 | Orc:2    | Killed an orc knight
  9101 | Orc:2    | Killed from afar by an orc priest

Skill      XL: |  1  2  3  4  5  6  7  8  9 10 11 |
---------------+----------------------------------+-----
Fighting       | 4 5 7 8 9 10 12 | 12.2
Axes           | 4 5 6 7 8 9 11 12 | 12.5
Armour         | 3 4 5 6 8 10 11 | 11.2
Dodging        | 3 4 5 6 7 9 10 | 10.7
Stealth        | |  0.1

Action                   |  1- 3 |  4- 6 |  7- 9 | 10-12 || total
-------------------------+-------+-------+-------+-------++-------
Melee: Hand axe          |    46 |   115 |   205 |    91 ||   457
       Headbutt          |     6 |    23 |    44 |    99 ||   172
       Broad axe         |       |       |       |   209 ||   209
Invok: Berserk           |       |     3 |     5 |     8 ||    16
  Use: Scroll            |     1 |     3 |    11 |     2 ||    17
       Potion            |       |       |       |     1 ||     1
 Stab: Sleeping          |     1 |     2 |     3 |       ||     6
  Eat: Pizza             |       |     1 |     1 |       ||     2
       Chunk             |       |     6 |     9 |     6 ||    21
       Beef jerky        |       |     1 |       |     6 ||     7
       Meat ration       |       |       |     2 |       ||     2
Armor: Animal skin       |     8 |    27 |       |       ||    35
       Chain mail        |       |    16 |    55 |       ||    71
       Ring mail         |       |       |    37 |    61 ||    98
Dodge: Dodged            |    34 |    80 |   106 |   251 ||   471
